Map: Одиссея РВ

Players

Murena

  • Race: Terran Terran
  • Spawn Location: 5:00

ИИ 1 (эксперт) - Winner!

  • Race: Protoss Protoss
  • Spawn Location: 11:00

VOD

Have the link to the VOD?

Description

Time

  • Played on: Aug. 17, 2019, 2:03 p.m.
  • Length: 10:53
Show
View Real Time Build Order
Export as new Build Order

Murena Terran 

Build Orders:  

Get SALT Encoding   

  12  0:01  SCV  
  13  0:13  SCV  
  14  0:20  Supply Depot  
  14  0:25  SCV  
  15  0:44  SCV  
  15  0:45  Barracks  
  16  0:54  Barracks  
  16  0:56  SCV  
  17  1:10  SCV  
  17  1:11  Barracks  
  18  1:23  SCV  
  19  1:30  Supply Depot  
  19  1:32  Marine  
  20  1:35  SCV  
  21  1:40  Refinery  
  21  1:41  Marine  
  22  1:48  SCV  
  22  1:52  Marine  
  24  2:00  Marine  
  25  2:02  Barracks  
  25  2:03  SCV  
  25  2:06  Marine  
  27  2:10  Marine  
  28  2:20  Supply Depot, Marine  
  29  2:23  SCV  
  29  2:26  Marine  
  31  2:36  Orbital Command  
  31  3:02  SCV  
  31  3:04  Command Center  
  32  3:07  Marine  
  33  3:14  Supply Depot, Marine  
  33  3:17  SCV  
  35  3:21  Marine  
  35  3:22  Barracks Tech Lab  
  35  3:25  Marine  
  37  3:30  SCV  
  37  3:32  Barracks Tech Lab  
  38  3:40  Barracks Tech Lab  
  38  3:41  Combat Shield  
  38  3:45  Marauder, SCV  
  38  3:48  Barracks Reactor  
  41  3:52  Marauder  
  43  3:56  Supply Depot  
  43  4:00  Refinery  
  43  4:04  Concussive Shells  
  43  4:06  SCV  
  43  4:08  Marine  
  45  4:14  Marauder  
  45  4:16  Orbital Command  
  47  4:21  SCV  
  47  4:23  Marine  
  49  4:25  Marine  
  49  4:27  Marine  
  51  4:34  SCV  
  51  4:36  Marauder  
  51  4:38  Marauder  
  56  4:43  Marauder  
  56  4:45  SCV  
  59  4:50  SCV  
  60  4:56  Marine  
  60  4:57  Marauder, Supply Depot  
  60  4:58  SCV  
  64  5:01  Marauder  
  64  5:03  Marine  
  64  5:05  SCV  
  68  5:09  Marauder  
  70  5:18  Engineering Bay  
  70  5:19  SCV  
  70  5:20  SCV  
  72  5:21  Engineering Bay  
  72  5:31  Factory  
  72  5:33  SCV  
  72  5:34  SCV  
  72  5:35  Marine  
  75  5:37  Factory  
  75  5:41  Marauder  
  75  5:42  Marine  
  77  5:45  Supply Depot  
  77  5:49  Refinery  
  78  5:50  Refinery  
  78  5:54  Terran Infantry Weapons Level 1  
  78  6:00  Supply Depot  
  78  6:11  Terran Infantry Armor Level 1  
  78  6:14  Marine x3  
  78  6:15  Marine  
  78  6:16  Marauder  
  78  6:17  Factory Tech Lab  
  84  6:22  Factory Tech Lab  
  84  6:24  Barracks  
  84  6:28  SCV x2  
  84  6:29  Bunker  
  84  6:32  Missile Turret  
  86  6:33  Missile Turret  
  86  6:49  SCV x2  
  86  6:52  Command Center  
  86  6:53  Marauder  
  90  6:56  Stimpack  
  90  6:58  Marine  
  91  7:02  Supply Depot  
  91  7:03  SCV x2  
  93  7:12  Barracks Tech Lab  
  93  7:13  Armory  
  93  7:17  SCV  
  93  7:19  Starport  
  94  7:24  Starport, SCV  
  94  7:26  Marauder, Marine  
  94  7:27  Marine  
  99  7:31  SCV  
  99  7:32  Supply Depot  
  99  7:34  Marine  
  99  7:36  SCV  
  102  7:40  Supply Depot  
  102  7:51  Starport  
  102  7:54  Supply Depot  
  102  7:55  SCV x2, Factory  
  102  7:56  Marauder, Marine  
  107  7:58  Marine  
  107  8:00  Marine  
  107  8:01  Starport Reactor  
  107  8:03  Starport Tech Lab  
  109  8:08  Terran Infantry Weapons Level 2  
  109  8:11  SCV x2  
  111  8:15  Terran Infantry Armor Level 2  
  111  8:18  SCV  
  114  8:20  Marauder  
  114  8:21  Medivac  
  116  8:29  Refinery  
  116  8:33  Starport Tech Lab  
  116  8:37  SCV  
  116  8:38  SCV  
  116  8:40  Medivac  
  120  8:42  Marine x2  
  120  8:43  Marine x2  
  120  8:44  Marine  
  120  8:46  Medivac  
  120  8:47  Refinery  
  127  8:51  SCV x3, Medivac  
  127  8:54  Marauder  
  134  8:58  Supply Depot  
  134  8:59  Marine  
  134  9:00  Marine  
  136  9:03  Marauder  
  136  9:04  SCV  
  136  9:07  Orbital Command  
  59  10:38  Factory Tech Lab  
Show
View Real Time Build Order
Export as new Build Order

ИИ 1 (эксперт) Protoss - Winner!

Build Orders: 1 Gate Expand, Archon Immortal, Colossus Rush 

Get SALT Encoding   

  12  0:00  Probe  
  13  0:13  Probe  
  14  0:19  Pylon  
  14  0:25  Probe  
  15  0:33  Probe  
  15  0:40  Gateway  
  15  0:41  Probe  
  17  0:51  Probe  
  18  1:00  Probe  
  19  1:14  Probe  
  19  1:18  Nexus  
  20  1:27  Probe  
  20  1:28  Zealot  
  23  1:37  Pylon  
  23  1:47  Cybernetics Core  
  23  1:49  Assimilator  
  23  1:55  Probe  
  24  2:03  Probe  
  25  2:11  Probe  
  26  2:20  Probe  
  26  2:22  Pylon  
  26  2:28  Probe  
  26  2:29  Probe  
  28  2:32  Gateway  
  28  2:34  Warp Gate  
  29  2:38  Assimilator  
  29  2:39  Probe  
  30  2:48  Stalker  
  30  2:53  Pylon  
  30  2:54  Probe  
  30  2:56  Probe  
  34  3:06  Probe  
  34  3:08  Probe  
  34  3:12  Adept  
  36  3:18  Adept  
  36  3:19  Probe  
  41  3:21  Probe  
  42  3:28  Robotics Facility  
  42  3:30  Probe  
  42  3:32  Probe  
  44  3:38  Probe  
  44  3:42  Adept  
  44  3:44  Probe  
  44  3:48  Adept, Probe  
  51  3:56  Probe  
  51  4:02  Pylon, Probe  
  53  4:08  Probe  
  54  4:10  Probe  
  54  4:12  Adept  
  57  4:18  Adept  
  57  4:19  Pylon  
  57  4:22  Robotics Bay  
  57  4:23  Observer  
  59  4:28  Probe x2  
  62  4:32  Pylon  
  62  4:39  Gateway  
  62  4:47  Robotics Facility  
  62  4:55  Stalker  
  62  4:59  Zealot, Pylon  
  66  5:13  Pylon  
  66  5:18  Zealot  
  66  5:19  Zealot  
  70  5:29  Gateway  
  70  5:32  Zealot  
  70  5:33  Stalker  
  74  5:41  Colossus  
  80  5:44  Pylon  
  80  5:47  Assimilator  
  80  6:05  Twilight Council, Nexus  
  80  6:08  Forge  
  80  6:09  Assimilator  
  80  6:10  Probe x2  
  82  6:14  Forge  
  82  6:22  Probe  
  83  6:28  Probe  
  83  6:30  Pylon  
  84  6:34  Probe  
  84  6:37  Probe  
  85  6:45  Templar Archives  
  86  6:49  Warp Prism, Stalker  
  86  6:51  Photon Cannon  
  86  6:53  Pylon  
  90  6:59  Sentry  
  92  7:03  Stalker  
  92  7:05  Zealot  
  96  7:12  Zealot  
  98  7:16  Probe  
  98  7:17  Probe x2  
  98  7:22  Zealot, High Templar  
  105  7:26  High Templar, Probe  
  105  7:29  Probe  
  108  7:30  Probe  
  108  7:31  Assimilator  
  108  7:32  Zealot  
  108  7:33  Assimilator  
  108  7:35  Probe  
  112  7:39  Probe  
  112  7:42  Immortal, Zealot, Archon, Probe  
  121  7:47  Pylon, Probe x2, Stalker  
  124  7:52  Sentry  
  124  7:54  Probe  
  124  7:57  Probe  
  128  7:59  Zealot, Probe  
  128  8:02  High Templar  
  134  8:06  Probe  
  134  8:10  Zealot, Pylon, Probe  
  134  8:11  Probe  
  139  8:15  High Templar  
  139  8:19  Zealot  
  143  8:23  Immortal  
  143  8:28  Probe x2  
  143  8:29  Zealot  
  143  8:31  Archon  
  143  8:34  Pylon, Stalker  
  151  8:39  High Templar  
  155  8:43  High Templar  
  157  8:49  Nexus, Photon Cannon  
  157  8:52  Stalker  
  157  8:55  Pylon  
  159  8:57  Zealot  
  159  8:58  Observer  
  159  8:59  Archon  
  159  9:02  Observer  
  163  9:04  Zealot  
  165  9:13  High Templar  
  165  9:14  High Templar  
  165  9:15  Immortal  
  165  9:16  Photon Cannon  
  169  9:18  Photon Cannon  
  169  9:19  Warp Prism  
  169  9:20  Pylon  
  171  9:28  Gateway  
  171  9:29  Stalker x2  
  171  9:30  Archon  
  127  9:45  Immortal  
  105  9:46  High Templar  
  105  9:47  Zealot  
  105  9:48  Photon Cannon  
  105  9:51  Pylon  
  105  9:52  Zealot x2  
  113  10:06  Zealot  
  115  10:07  Sentry  
  115  10:08  Assimilator  
  115  10:11  Immortal  
  115  10:12  Zealot, Pylon, Nexus  
  119  10:16  Forge  
  119  10:18  Zealot, Assimilator  
  119  10:21  Photon Cannon  
  121  10:22  High Templar  
  121  10:23  Stalker  
  121  10:24  Photon Cannon  
  125  10:30  Gateway, Sentry  
  125  10:32  Adept  
  125  10:34  Photon Cannon  
  129  10:36  Pylon  
  129  10:38  Adept, Archon  
  131  10:45  High Templar  
  133  10:53  Stalker  
Tags
 
Add a new tag
Caveats
  • Supply blocks, unpowered buildings, or Contaminate may cause inaccurate times.
  • Supply counts are checked every 10 seconds.